 Dungeon Crawl Stone Soup version 0.17.0-28-g6e173f8 (webtiles) character file.

24339 4thArraOfDagon the Severer (level 12, 0/101 HPs)
             Began as a Minotaur Berserker on Nov 23, 2015.
             Was a Believer of Trog.
             Slain by a tarantella (9 damage)
             ... on level 3 of the Spider Nest.
             The game lasted 00:26:29 (3955 turns).

4thArraOfDagon the Severer (Minotaur Berserker)     Turns: 3955, Time: 00:26:29

Health: 0/101      AC: 23    Str: 20    XL:     12   Next: 79%
Magic:  13/13      EV: 13    Int:  9    God:    Trog [**....]
Gold:   427        SH:  0    Dex: 20    Spells: 0 memorised, 11 levels left

rFire  . . .     SeeInvis .     D - +1 battleaxe "Testudineslayer" {speed, Dex+3}
rCold  . . .     Clarity  .     k - +2 plate armour {rPois}
rNeg   . . .     SustAt   .     (shield currently unavailable)
rPois  +         Gourm    .     (helmet restricted)
rElec  .         Spirit   .     (no cloak)
rCorr  .         Warding  .     B - +0 pair of gloves
rMut   .         Stasis   .     w - +0 pair of boots {Stlth+}
MR     .....                    (no amulet)
Stlth  ..........               (no ring)
                                (no ring)

@: confused, agile, exhausted, slowed, very slow, not resistant to hostile
enchantments, extremely unstealthy
A: retaliatory headbutt, horns 2, slimy green scales 1, clever 1, weak 1
a: Berserk, Trog's Hand, Burn Spellbooks, Renounce Religion


You were on level 3 of the Spider Nest.
You worshipped Trog.
Trog was pleased with you.
You were not hungry.

You visited 3 branches of the dungeon, and saw 20 of its levels.

You collected 439 gold pieces.

Inventory:

Hand Weapons
 y - a +0 war axe of venom
 z - a +0 blowgun
 D - the +1 battleaxe "Testudineslayer" (weapon) {speed, Dex+3}
   (You found it on level 3 of the Lair of Beasts)

   Attacks with this weapon are significantly faster.
   It affects your dexterity (+3).
Missiles
 q - a throwing net (quivered)
Armour
 k - a +2 plate armour of poison resistance (worn)
 w - a +0 pair of boots of stealth (worn)
 B - a +0 pair of gloves (worn)
Jewellery
 i - an uncursed ring of fire
 G - an uncursed amulet of stasis
Wands
 j - a wand of frost (27)
 t - a wand of lightning (6)
Scrolls
 m - a scroll of recharging
 o - 2 scrolls of blinking
 r - a scroll of enchant armour {unknown}
 E - 2 scrolls of amnesia {unknown}
 F - 2 scrolls of remove curse
Potions
 a - a potion of poison {unknown}
 e - a potion of haste {unknown}
 f - a potion of magic
 g - a potion of lignification {unknown}
 s - a potion of cure mutation {unknown}
 u - a potion of invisibility {unknown}
 v - a potion of resistance
 C - a potion of ambrosia {unknown}
Books
 l - a book of Geomancy

   Spells                             Type                      Level
   a - Sandblast                      Earth                        1
   b - Stoneskin                      Transmutation/Earth          2
   c - Passwall                       Transmutation/Earth          3
   d - Stone Arrow                    Conjuration/Earth            3
   e - Petrify                        Transmutation/Earth          4
   f - Lee's Rapid Deconstruction     Earth                        5
   Trog disapproves of the use of such an item.
Miscellaneous
 n - a plain deck of defence {drawn: 2}
 A - a plain deck of changes
Comestibles
 b - 4 beef jerkies
 c - 5 bread rations
 p - a meat ration


   Skills:
 - Level 8.0 Fighting
 * Level 18.8 Axes
 + Level 13.8 Armour
 - Level 2.1 Dodging
 - Level 3.1 Evocations


You had 11 spell levels left.
You didn't know any spells.

Dungeon Overview and Level Annotations

Branches:
Dungeon (11/15)              Lair (5/8) D:9           Swamp (0/4) Lair:3
 Spider (4/4) Lair:4
 Temple: D:4-7          Orc: D:9-12

Altars:
Nemelex Xobeh

Shops:
D:10 [

Annotations:
D:10 exclusion: downstairs
Spider:3 Arachne


Innate Abilities, Weirdness & Mutations

You reflexively headbutt those who attack you in melee.
You have a pair of horns on your head.
You are partially covered in slimy green scales (AC +2).
Your mind is acute. (Int +2)
You are weak. (Str -2)


Message History

You barely miss the tarantella.
The tarantella is moderately wounded.
The tarantella bites you!
* * * LOW HITPOINT WARNING * * *
You are more confused.
Unknown command.
Unknown command.
You miss the tarantella. You headbutt the tarantella!
The tarantella is heavily wounded.
The tarantella bites you!
* * * LOW HITPOINT WARNING * * *
You are more confused.
Unknown command.
Unknown command.
Drink which item? (? for menu, Esc to quit)
Okay, then.
Drink which item? (? for menu, Esc to quit)
You feel agile all of a sudden. The tarantella bites you!
You die...

###........#
#^..##...##
##..#.....#
#........##
#...###...#
#..## ...##
#..# #^.#
#^.####..##
#..@......#
#.s.##...##
#.†.##...#
#........#
#..####..#
#...# #
##†## # #
#..##^#...#
##.......#


You could see a tarantella.

Vanquished Creatures
  2 hydras (Lair:4)
  3 orb spiders
  11 wolf spiders
  2 hornets
  A cyclops (D:11)
  A black mamba (Lair:1)
  The ghost of Amon001 the Skirmisher, a novice DsAK of Lugonu (D:9)
  A gargoyle (D:10)
  A komodo dragon (Lair:4)
  6 demonic crawlers
  A fire drake (Lair:4)
  13 jumping spiders
  3 trapdoor spiders (Spider:3)
  7 redbacks
  A wraith (D:10)
  A basilisk (Lair:2)
  A wyvern (Lair:4)
  24 yaks
  3 hippogriffs
  10 tarantellas
  3 wargs (D:9)
  3 orc warriors
  A water moccasin (Lair:2)
  A porcupine (Lair:3)
  2 spiders
  2 centaurs
  An ice beast (D:10)
  An ogre (D:5)
  2 giant frogs (Lair:1)
  4 crocodiles
  3 big kobolds
  A gnoll sergeant (D:8)
  2 electric eels (Spider:1)
  2 killer bees (D:8)
  5 orc priests
  A centaur skeleton (D:10)
  3 hounds
  A jelly (D:10)
  2 iguanas
  7 orc wizards
  A hound zombie (D:9)
  2 adders (D:3)
  5 gnolls (D:8)
  32 river rats
  An ooze (D:3)
  An adder skeleton (D:5)
  2 worms (D:3)
  16 orcs
  A bat (D:3)
  3 giant cockroaches
  4 hobgoblins
  3 jackals (D:3)
  4 quokkas
  3 giant newts
  3 goblins
  11 kobolds
  5 rats
  2 fungi
  A plant (Lair:2)
240 creatures vanquished.

Vanquished Creatures (others)
  A demonic crawler (Spider:4)
  A tarantella (Spider:4)
  A fungus (Lair:4)
3 creatures vanquished.

Grand Total: 243 creatures vanquished

Notes
Turn   | Place    | Note
--------------------------------------------------------------
     0 | D:1      | 4thArraOfDagon the Minotaur Berserker began the quest for the Orb.
     0 | D:1      | Reached XP level 1. HP: 19/19 MP: 0/0
    77 | D:1      | Reached skill level 4 in Axes
    90 | D:1      | Reached XP level 2. HP: 9/27 MP: 1/1
   305 | D:3      | Reached XP level 3. HP: 15/33 MP: 2/2
   362 | D:3      | Reached XP level 4. HP: 22/41 MP: 3/3
   387 | D:3      | Reached ** piety under Trog
   403 | D:3      | Reached skill level 5 in Axes
   492 | D:5      | Entered Level 5 of the Dungeon
   495 | D:5      | Found a sparkling altar of Nemelex Xobeh.
   509 | D:5      | Noticed an ogre
   514 | D:5      | Killed an ogre
   514 | D:5      | Reached skill level 5 in Fighting
   514 | D:5      | Reached XP level 5. HP: 48/48 MP: 4/4
   549 | D:5      | Noticed a centaur
   559 | D:5      | Killed a centaur
   559 | D:5      | Reached skill level 6 in Axes
   570 | D:5      | Reached XP level 6. HP: 23/56 MP: 5/5
   654 | D:7      | Got an encrusted leather armour
   678 | D:8      | Identified the cursed +1 leather armour "Ozailaon" {-Cast Slay+3 Stlth+} (You found it on level 7 of the Dungeon)
   738 | D:8      | Reached skill level 7 in Axes
   740 | D:8      | Reached XP level 7. HP: 43/63 MP: 6/6
   803 | D:8      | Gained mutation: Your mind is acute. (Int +2) [potion of mutation]
   803 | D:8      | Gained mutation: You are partially covered in slimy green scales (AC +2). [potion of mutation]
   803 | D:8      | Gained mutation: You are weak. (Str -2) [potion of mutation]
  1008 | D:7      | Reached skill level 5 in Armour
  1016 | D:7      | Reached skill level 8 in Axes
  1043 | D:7      | Noticed a hungry ghost
  1070 | D:9      | Noticed a yak
  1074 | D:9      | Noticed a yak
  1076 | D:9      | Noticed a yak
  1080 | D:9      | Reached XP level 8. HP: 33/71 MP: 7/7
  1081 | D:9      | Killed a yak
  1083 | D:9      | Killed a yak
  1083 | D:9      | Reached skill level 9 in Axes
  1085 | D:9      | Killed a yak
  1134 | D:10     | Entered Level 10 of the Dungeon
  1185 | D:10     | Reached skill level 10 in Axes
  1197 | D:10     | Found Fenugy's Antique Armour Shoppe.
  1218 | D:11     | Noticed an eight-headed hydra
  1219 | D:11     | :(
  1244 | D:11     | Noticed a hill giant
  1425 | D:11     | Noticed a cyclops
  1457 | D:11     | Killed a cyclops
  1457 | D:11     | Reached XP level 9. HP: 81/81 MP: 8/8
  1480 | D:10     | Noticed a gargoyle
  1498 | D:10     | Killed a gargoyle
  1498 | D:10     | Reached skill level 11 in Axes
  1698 | D:9      | Noticed Amon001's ghost (novice DsAK)
  1740 | D:9      | Killed Amon001's ghost
  1740 | D:9      | Reached skill level 12 in Axes
  1771 | D:9      | Found a staircase to the Lair.
  1821 | Lair:1   | Entered Level 1 of the Lair of Beasts
  1839 | Lair:1   | Reached XP level 10. HP: 51/88 MP: 9/9
  1846 | Lair:1   | Reached skill level 13 in Axes
  1888 | Lair:1   | Reached *** piety under Trog
  1896 | Lair:1   | Noticed a black mamba
  1903 | Lair:1   | Killed a black mamba
  2021 | Lair:2   | Reached skill level 1 in Evocations
  2040 | Lair:2   | Reached skill level 10 in Armour
  2044 | Lair:2   | Reached skill level 14 in Axes
  2110 | Lair:2   | You fall through a shaft!
  2219 | Lair:3   | Found a staircase to the Swamp.
  2301 | Lair:3   | Got a twisted battleaxe
  2302 | Lair:3   | please
  2308 | Lair:3   | Identified the cursed +1 battleaxe "Testudineslayer" {speed, Dex+3} (You found it on level 3 of the Lair of Beasts)
  2309 | Lair:3   | :/
  2472 | Lair:4   | Noticed an eight-headed hydra
  2485 | Lair:4   | Killed a 13-headed hydra
  2485 | Lair:4   | Reached **** piety under Trog
  2485 | Lair:4   | Reached skill level 15 in Axes
  2485 | Lair:4   | Reached XP level 11. HP: 94/94 MP: 12/12
  2560 | Lair:4   | Noticed a five-headed hydra
  2568 | Lair:4   | Killed a ten-headed hydra
  2636 | Lair:4   | Found a hole to the Spider Nest.
  2651 | Lair:4   | Found a dark tunnel.
  2719 | Lair:4   | You fall through a shaft!
  2869 | Spider:1 | Entered Level 1 of the Spider Nest
  2889 | Spider:1 | Reached skill level 16 in Axes
  2981 | Spider:1 | HP: 6/141 [poisoned by a hornet]
  3144 | Spider:2 | Reached skill level 17 in Axes
  3151 | Spider:1 | Reached XP level 12. HP: 31/101 MP: 13/13
  3291 | Spider:2 | Noticed an entropy weaver
  3325 | Spider:3 | Noticed Arachne
  3479 | Spider:3 | Reached skill level 18 in Axes
  3516 | Spider:4 | Entered Level 4 of the Spider Nest
  3955 | Spider:3 | Slain by a tarantella

Action                   |  1- 3 |  4- 6 |  7- 9 | 10-12 || total
-------------------------+-------+-------+-------+-------++-------
Melee: Hand axe          |    40 |    66 |    17 |       ||   123
       War axe           |       |       |   136 |   105 ||   241
       Battleaxe         |       |       |       |   319 ||   319
Invok: Berserk           |     3 |     4 |    10 |    12 ||    29
       Trog's Hand       |       |     3 |    10 |    36 ||    49
Evoke: Deck              |       |     2 |       |       ||     2
  Use: Scroll            |       |     3 |    10 |     3 ||    16
       Potion            |       |       |     2 |     9 ||    11
 Stab: Sleeping          |       |       |     3 |       ||     3
  Eat: Chunk             |       |     6 |    17 |    17 ||    40
       Fruit             |       |       |       |     1 ||     1
       Pizza             |       |       |       |     2 ||     2
       Meat ration       |       |       |       |     1 ||     1
